[Event "ICC Open 2015"]
[Site "Internet Chess Club"]
[Date "2015.05.30"]
[Round "3"]
[White "Favarin"]
[Black "rovov"]
[Result "1-0"]
[ICCResult "Black forfeits on time"]
[WhiteElo "1936"]
[BlackElo "1590"]
[Opening "Queen's pawn, Mason variation"]
[ECO "D00"]
[NIC "QP.08"]
[Time "14:27:04"]
[TimeControl "180+0"]

1. d4 d5 2. Bf4 Nf6 3. e3 c6 4. Nd2 Bf5 5. c4 e6 6. Qb3 Qc8 7. Rc1 Nbd7 8.
f3 h6 9. g4 Bh7 10. Bd3 Bxd3 11. Qxd3 Be7 12. h4 Qd8 13. Ne2 Qa5 14. a3
O-O-O 15. Kf2 Qa6 16. b4 dxc4 17. Nxc4 Nd5 18. Bg3 N7b6 19. Nxb6+ Qxb6 20.
Nc3 Nxc3 21. Rxc3 Bf6 22. Rhc1 Kd7 23. b5 Rc8 24. bxc6+ Rxc6 25. Rxc6 bxc6
26. Qc3 Rc8 27. Qc5 Qxc5 28. Rxc5 Be7 29. Ra5 Ra8 30. Ke2 Bd6 31. f4 Kc7 32.
Kd3 Kb6 33. Ra4 a5 34. Kc4 g5 35. hxg5 hxg5 36. Kd3 gxf4 37. exf4 Rh8 38.
Ke4 Rh3 39. Bf2 Rh2 40. Be3 Rc2 41. d5+ Kb5 42. Rd4 Ra2 43. dxc6 Kxc6 44.
Rc4+ {Black forfeits on time} 1-0

[Event "ICC Open 2015"]
[Site "Internet Chess Club"]
[Date "2015.05.30"]
[Round "3"]
[White "MWeston"]
[Black "faust"]
[Result "0-1"]
[ICCResult "White forfeits on time"]
[WhiteElo "2690"]
[BlackElo "3234"]
[Opening "Sicilian: Alapin's variation (2.c3)"]
[ECO "B22"]
[NIC "SI.46"]
[Time "14:27:28"]
[TimeControl "180+0"]

1. e4 c5 2. c3 d5 3. exd5 Qxd5 4. d4 Bf5 5. Nf3 Nc6 6. Nbd2 e6 7. Bc4 Qd7 8.
Nb3 O-O-O 9. Qe2 cxd4 10. Nfxd4 Nxd4 11. Nxd4 Nf6 12. Nxf5 exf5 13. O-O Bc5
14. b4 Bb6 15. a4 Rhe8 16. Qa2 Ng4 17. Bf4 Re4 18. Bxf7 Bxf2+ 19. Rxf2 Nxf2
20. Qxf2 Qxf7 21. Qxa7 Qd5 22. Qb8+ Kd7 23. Qc7+ Ke6 24. Qxg7 Qd3 25. Qh6+
Kd5 26. Rf1 Kc4 27. Qf6 Rd5 28. h3 Kb3 29. c4 Qd4+ 30. Qxd4 Rdxd4 31. Bg3
Rxc4 32. Rxf5 Rxb4 33. a5 Ka4 34. Rf7 h5 35. Bc7 h4 36. Bb6 Rb1+ 37. Kh2
Ree1 38. g4 Re2+ 39. Bf2 Rbb2 40. Kg2 Kxa5 41. Rf4 Rb5 42. g5 Rxg5+ 43. Rg4
Rxg4+ 44. hxg4 b5 45. Kf3 Rxf2+ 46. Kxf2 b4 47. Kf3 b3 48. g5 b2 49. g6 b1=Q
50. Kg4 Qb3 51. Kxh4 Qg8 52. Kh5 Kb6 53. Kh6 Kc7 54. g7 Kd7 55. Kg6 Ke6
{White forfeits on time}
0-1

[Event "ICC Open 2015"]
[Site "Internet Chess Club"]
[Date "2015.05.30"]
[Round "3"]
[White "perronegro"]
[Black "Rinazina46"]
[Result "0-1"]
[ICCResult "White forfeits on time"]
[WhiteElo "1599"]
[BlackElo "1862"]
[Opening "King's Indian: 5.Nf3"]
[ECO "E90"]
[NIC "KI.21"]
[Time "14:27:22"]
[TimeControl "180+0"]

1. Nf3 Nf6 2. c4 g6 3. d4 d6 4. Nc3 Bg7 5. e4 O-O 6. Bd3 e5 7. d5 a5 8. h4
h5 9. Be3 Na6 10. a3 Nc5 11. Rc1 Nxd3+ 12. Qxd3 Ng4 13. O-O f5 14. exf5 Bxf5
15. Qe2 e4 16. Ng5 Bf6 17. Ncxe4 Bxe4 18. Nxe4 Nxe3 19. Nxf6+ Qxf6 20. Qxe3
Qxh4 21. Qe6+ Kg7 22. Rce1 Rf7 23. Re3 Qf6 24. Rfe1 Qxe6 25. dxe6 Re7 26. g3
Rae8 27. f4 Kf6 28. Rb3 b6 29. Rd3 Rxe6 30. Rxe6+ Rxe6 31. b4 axb4 32. axb4
Kf5 33. Rd5+ Kg4 34. Kf2 Kh3 35. Rg5 Rf6 36. c5 bxc5 37. bxc5 h4 38. cxd6
cxd6 39. Rd5 hxg3+ 40. Kf3 g2 41. Rg5 Re6 42. Rg3+ Kh2 43. Rxg2+ Kh3 44.
Rg3+ Kh4 45. Rg4+ Kh5 46. Rg5+ Kh6 47. Rg2 Rf6 {White forfeits on time} 0-1

[Event "ICC Open 2015"]
[Site "Internet Chess Club"]
[Date "2015.05.30"]
[Round "3"]
[White "ElFenomeno"]
[Black "jasrom"]
[Result "1-0"]
[ICCResult "Black forfeits on time"]
[WhiteElo "1988"]
[BlackElo "2502"]
[Opening "Queen's gambit declined"]
[ECO "D30"]
[NIC "QP.08"]
[Time "14:27:56"]
[TimeControl "180+0"]

1. d4 d5 2. c4 e6 3. Nf3 Nf6 4. g3 b6 5. Bg2 Bb7 6. O-O Be7 7. cxd5 Bxd5 8.
Nc3 Bb7 9. Qc2 O-O 10. e4 Nbd7 11. Bf4 c5 12. Rfd1 Rc8 13. d5 exd5 14. exd5
Re8 15. d6 Bf8 16. Nb5 Nd5 17. Rxd5 Bxd5 18. Ng5 Be4 19. Bxe4 g6 20. Bd5 Kg7
21. Nc7 Nf6 22. Bxf7 Qd7 23. Nxe8+ Nxe8 24. Qc3+ Nf6 25. Be5 Qf5 26. Bxf6+
Qxf6 27. d7 Rd8 28. Ne6+ Kxf7 29. Qxf6+ Kxf6 30. Nxd8 Ke7 31. Ne6
{Black forfeits on time}
1-0

[Event "ICC Open 2015"]
[Site "Internet Chess Club"]
[Date "2015.05.30"]
[Round "3"]
[White "Mormegil"]
[Black "UAE2002"]
[Result "0-1"]
[ICCResult "White resigns"]
[WhiteElo "1688"]
[BlackElo "2124"]
[Opening "Old Benoni defense"]
[ECO "A44"]
[NIC "OI.09"]
[Time "14:29:58"]
[TimeControl "180+0"]

1. d4 c5 2. d5 e5 3. Nc3 d6 4. e4 g6 5. Nge2 Bg7 6. g3 Ne7 7. Bg2 O-O 8. O-O
f5 9. f4 Nd7 10. Kh1 h6 11. fxe5 Nxe5 12. exf5 Bxf5 13. Nf4 Qd7 14. Be3 Ng4
15. Bg1 Kh7 16. Re1 Rae8 17. Ne6 Rf6 18. Nxg7 Kxg7 19. Qd2 Ne5 20. Ne4 Rf7
21. c4 Nxc4 22. Qc3+ Ne5 23. Nd2 Bh3 24. Nf3 Bxg2+ 25. Kxg2 Rxf3 26. Rxe5
Rxc3 {White resigns} 0-1

[Event "ICC Open 2015"]
[Site "Internet Chess Club"]
[Date "2015.05.30"]
[Round "3"]
[White "Kseroks"]
[Black "chessdi"]
[Result "0-1"]
[ICCResult "White checkmated"]
[WhiteElo "2776"]
[BlackElo "2423"]
[Opening "QGD Slav accepted"]
[ECO "D15"]
[NIC "SL.03"]
[Time "14:27:47"]
[TimeControl "180+0"]

1. d4 d5 2. c4 c6 3. Nc3 Nf6 4. Nf3 dxc4 5. g3 g6 6. Bg2 Bg7 7. Ne5 Be6 8.
O-O O-O 9. e4 Nbd7 10. f4 Qb6 11. Nf3 Rad8 12. Qe2 a5 13. Be3 Qa6 14. h3 b5
15. Ng5 b4 16. Nb1 Nb6 17. Nxe6 fxe6 18. Nd2 Qb5 19. Rac1 c3 20. Qxb5 cxb5
21. bxc3 bxc3 22. Rxc3 Nh5 23. Rc6 Bxd4 24. Bxd4 Rxd4 25. Nb3 Rd6 26. Nxa5
Ra8 27. Rxd6 exd6 28. Nb7 Rxa2 29. g4 Ng3 30. Rf3 Ne2+ 31. Kh2 d5 32. e5 Nc4
33. Nd8 Nd4 34. Rg3 b4 35. Rd3 b3 36. Rxd4 b2 37. Nxe6 b1=Q 38. Rxd5 Qb2 39.
Rd8+ Kf7 40. Ng5+ Ke7 41. Rd7+ Kxd7 42. e6+ Ke7 43. Kg3 Qf2+ 44. Kh2 Qxg2#
{White checkmated}
0-1

[Event "ICC Open 2015"]
[Site "Internet Chess Club"]
[Date "2015.05.30"]
[Round "3"]
[White "johnny197"]
[Black "yaguaro"]
[Result "0-1"]
[ICCResult "White resigns"]
[WhiteElo "1377"]
[BlackElo "1990"]
[Opening "Old Indian defense"]
[ECO "A42"]
[NIC "OI.07"]
[Time "14:28:00"]
[TimeControl "180+0"]

1. d4 d6 2. c4 e5 3. dxe5 dxe5 4. Qxd8+ Kxd8 5. a3 Be6 6. e4 c6 7. Nf3 f6 8.
Be2 Kc7 9. O-O Nd7 10. b4 h5 11. c5 Nh6 12. Nc3 Nf7 13. Be3 g5 14. h3 g4 15.
hxg4 hxg4 16. Ne1 Be7 17. g3 Rh3 18. Ng2 Rh7 19. Rfd1 Rah8 20. Nh4 f5 21.
exf5 Bxf5 22. Kf1 Bxh4 23. gxh4 Rxh4 24. Ke1 Rd8 25. Bf1 Rh1 26. Ke2 g3 27.
Bg2 Rh2 28. Rg1 gxf2 29. Bxf2 Rh7 30. Rad1 Be6 31. Ne4 Bc4+ 32. Ke1 Rg7 33.
Nd6 Nxd6 34. Rxd6 Nf6 35. Rxf6 Rdg8 36. Be4 Rxg1+ 37. Bxg1 Rxg1+ 38. Kf2
Rf1+ 39. Ke3 Rxf6 40. Bh7 Bd5 {White resigns} 0-1

[Event "ICC Open 2015"]
[Site "Internet Chess Club"]
[Date "2015.05.30"]
[Round "3"]
[White "Crack-del29"]
[Black "triumphant1"]
[Result "1-0"]
[ICCResult "Black forfeits on time"]
[WhiteElo "2420"]
[BlackElo "2137"]
[Opening "QGD Slav defense"]
[ECO "D10"]
[NIC "SL.01"]
[Time "14:27:31"]
[TimeControl "180+0"]

1. d4 d5 2. c4 c6 3. Nc3 Nf6 4. Bg5 dxc4 5. a4 e6 6. e3 Be7 7. Bxc4 O-O 8.
Nge2 Nbd7 9. O-O c5 10. a5 b6 11. dxc5 Nxc5 12. Qxd8 Bxd8 13. Bxf6 gxf6 14.
axb6 Bxb6 15. b4 Nd7 16. Rfd1 Ne5 17. Bb3 Bb7 18. Na4 Rfd8 19. Nf4 Kf8 20.
Nxb6 axb6 21. Rxd8+ Rxd8 22. Ra7 Rd7 23. h3 Nc6 24. Ba4 e5 25. Nh5 Ke7 26.
Rxb7 Rxb7 27. Bxc6 Rc7 28. b5 Rc8 29. Kf1 Rd8 30. Ke2 Ke6 31. g4 Rg8 32. Ng3
Rh8 33. Kf3 Rd8 34. Nf5 Rd2 35. Ng3 Rb2 36. Ne4 f5 37. gxf5+ Kxf5 38. Ng3+
Ke6 39. h4 f5 40. h5 e4+ 41. Kg2 Ke5 42. Bd7 f4 43. exf4+ Kxf4 44. Nf1 Ra2
45. Ne3 Rb2 46. Bc6 Kg5 47. Kg3 Kxh5 48. Nd5 Kg5 49. Nxb6 Rb3+ 50. Kg2 Kf4
51. Nd5+ Ke5 52. Ne3 Rb2 53. Kg3 Kd4 54. Ng4 Ra2 55. Ne3 Ke5 56. b6 Kd6 57.
b7 Kc7 58. Bxe4 Ra4 59. f3 Ra3 60. Kf4 Kb8 61. Nf5 h5 62. Nh4 Ra4 63. Kg5
Ra5+ 64. Kg6 Rb5 65. Kh6 Rc5 66. Kg6 Rb5 67. Nf5 Rc5 68. Kxh5 Rb5 69. Kg6
Rc5 70. Kg5 Rc1 71. Kf4 Rg1 72. Ke3 Rf1 73. Kf4 Rc1 74. Nd6 Rb1 75. Nc4 Rb2
76. Ne5 Rd2 77. Nd7+ Kc7 78. b8=Q+ Kxd7 79. Qe5 Rd6 80. Bf5+ Re6 81. Qxe6+
Kc7 82. Ke5 Kb7 83. Be4+ Kb8 84. f4 {Black forfeits on time} 1-0

[Event "ICC Open 2015"]
[Site "Internet Chess Club"]
[Date "2015.05.30"]
[Round "3"]
[White "Radja"]
[Black "TasteOflover"]
[Result "1-0"]
[ICCResult "Black resigns"]
[WhiteElo "2433"]
[BlackElo "2788"]
[Opening "French: Rubinstein variation"]
[ECO "C10"]
[NIC "FR.07"]
[Time "14:27:25"]
[TimeControl "180+0"]

1. e4 e6 2. d4 d5 3. Nc3 dxe4 4. Nxe4 Nd7 5. Nf3 Ngf6 6. Bg5 h6 7. Nxf6+
Nxf6 8. Bh4 Be7 9. Bd3 Bd7 10. Qe2 Bc6 11. O-O Bxf3 12. Qxf3 c6 13. c3 Qd5
14. Qe2 Qh5 15. Bg3 Qxe2 16. Bxe2 O-O 17. Bf3 Rfd8 18. Rfe1 Kf8 19. a4 a5
20. Re2 Bd6 21. Bh4 g5 22. Bg3 Bxg3 23. hxg3 Ne8 24. Be4 Nf6 25. Bc2 Rac8
26. Re5 b6 27. Rd1 Ke7 28. f3 Rd5 29. c4 Rxe5 30. dxe5 Nd7 31. f4 Nc5 32.
Kf2 Na6 33. Rh1 Rd8 34. Ke3 gxf4+ 35. gxf4 Nb4 36. Be4 Rh8 37. g4 Kf8 38. g5
Kg7 39. g6 fxg6 40. Rd1 Rf8 41. Rd6 Re8 42. Rd7+ Kg8 43. Bxg6 Rf8 44. Bh7+
Kh8 45. Be4 Kg8 46. Rh7 Rd8 47. Rxh6 Kf7 48. Rh7+ Kg8 49. Re7 Rd1 50. Rxe6
Re1+ 51. Kf3 Kf7 52. Rf6+ Ke7 53. Rh6 Rf1+ 54. Kg4 Rc1 55. f5 Rxc4 56. f6+
Kf7 57. Kf5 Kf8 58. e6 Rc5+ 59. Kg6 {Black resigns} 1-0

[Event "ICC Open 2015"]
[Site "Internet Chess Club"]
[Date "2015.05.30"]
[Round "3"]
[White "thebelg"]
[Black "Gibhor"]
[Result "0-1"]
[ICCResult "White forfeits on time"]
[WhiteElo "1618"]
[BlackElo "1956"]
[Opening "Trompowsky attack (Ruth, Opocenský opening)"]
[ECO "A45"]
[NIC "QP.07"]
[Time "14:27:41"]
[TimeControl "180+0"]

1. d4 Nf6 2. Bg5 g6 3. Bxf6 exf6 4. e3 Bg7 5. h4 O-O 6. h5 d5 7. hxg6 fxg6
8. c4 c6 9. cxd5 cxd5 10. Nc3 Nc6 11. Qb3 Be6 12. Nge2 b6 13. Nf4 Bf7 14.
Bd3 Na5 15. Qb5 Re8 16. O-O-O Rc8 17. Kb1 Nc4 18. Bxc4 dxc4 19. d5 f5 20.
Ne6 Bxe6 21. dxe6 Qf6 22. Rd6 Rxe6 23. Rxe6 Qxe6 24. Rh4 Bf6 25. Rf4 Be5 26.
Rh4 Bf6 27. Rf4 Rc5 28. Qb4 g5 29. Rf3 a5 {White forfeits on time} 0-1

[Event "ICC Open 2015"]
[Site "Internet Chess Club"]
[Date "2015.05.30"]
[Round "3"]
[White "balion"]
[Black "VictorRed"]
[Result "0-1"]
[ICCResult "White resigns"]
[WhiteElo "1553"]
[BlackElo "1789"]
[Opening "KP: Indian opening"]
[ECO "C20"]
[NIC "KP.10"]
[Time "14:28:36"]
[TimeControl "180+0"]

1. e4 e5 2. d3 Nf6 3. Nc3 b6 4. Nf3 Bb7 5. Be2 Nc6 6. O-O Bc5 7. Bg5 O-O 8.
Nd5 Be7 9. Nxe7+ Qxe7 10. d4 exd4 11. Nxd4 Qxe4 12. Bxf6 Nxd4 13. f3 Qe3+
14. Kh1 gxf6 15. Bd3 Kh8 16. Re1 Qf2 17. c3 Nxf3 18. Re2 Qh4 19. gxf3 Bxf3+
20. Kg1 Rg8+ 21. Kf1 Qh3+ {White resigns} 0-1

[Event "ICC Open 2015"]
[Site "Internet Chess Club"]
[Date "2015.05.30"]
[Round "3"]
[White "Womacka"]
[Black "Kastor"]
[Result "0-1"]
[ICCResult "White forfeits on time"]
[WhiteElo "2444"]
[BlackElo "2904"]
[Opening "Sicilian: Boleslavsky variation"]
[ECO "B58"]
[NIC "SI.25"]
[Time "14:27:44"]
[TimeControl "180+0"]

1. e4 c5 2. Nf3 d6 3. d4 cxd4 4. Nxd4 Nf6 5. Nc3 Nc6 6. Be2 e5 7. Nf3 h6 8.
O-O Be7 9. Re1 O-O 10. h3 a6 11. Bf1 Qc7 12. b3 Be6 13. Nd5 Bxd5 14. exd5
Nb4 15. c4 a5 16. a3 Na6 17. Be3 b6 18. Qb1 Nc5 19. b4 Ncd7 20. Qb3 Rfc8 21.
Bd2 Bf8 22. Rac1 axb4 23. axb4 Ra7 24. Ra1 Rca8 25. Qb2 b5 26. cxb5 Nxd5 27.
Ra6 Qb8 28. Qb3 Nc7 29. Rxa7 Rxa7 30. Bc4 Qe8 31. Nd4 Nb6 32. Nc6 Rb7 33.
Bd3 Qe6 34. Qxe6 fxe6 35. Ra1 Nc8 36. Ra5 Nd5 37. Ra8 Ncb6 38. Rd8 Rd7 39.
Rb8 Rc7 40. Bg6 Nc4 41. Bc1 Ne7 42. Nd8 Nxg6 43. Nxe6 Ra7 44. b6 Ra1 45. b7
Rxc1+ 46. Kh2 Rb1 47. Rxf8+ Nxf8 48. b8=Q Kf7 49. Qxf8+ Kxe6 50. Qg8+ Kd7
51. Qxc4 Rd1 52. b5 Rd4 53. Qc6+ Ke6 54. b6 Rb4 55. b7 g5 56. Qc8+ Kd5 57.
b8=Q Rxb8 58. Qxb8 Ke6 59. Qb3+ d5 60. Qf3 e4 61. Qh5 Kf5 62. Qxh6 d4 63.
Qg7 d3 {White forfeits on time} 0-1

[Event "ICC Open 2015"]
[Site "Internet Chess Club"]
[Date "2015.05.30"]
[Round "3"]
[White "capaldi"]
[Black "outubro2"]
[Result "1-0"]
[ICCResult "Black forfeits on time"]
[WhiteElo "1829"]
[BlackElo "1586"]
[Opening "Sicilian: closed"]
[ECO "B23"]
[NIC "SI.44"]
[Time "14:27:31"]
[TimeControl "180+0"]

1. e4 c5 2. Nc3 d6 3. Bb5+ Bd7 4. Bxd7+ Qxd7 5. f4 g6 6. Nf3 Bg7 7. O-O Nf6
8. d3 O-O 9. Qe1 Nc6 10. Qg3 Rab8 11. e5 dxe5 12. fxe5 Nd5 13. Ne4 Qc7 14.
e6 fxe6 15. Qxc7 Nxc7 16. Nxc5 Nb4 17. c3 Nc2 18. Rb1 Rfd8 19. Bf4 e5 20.
Nxe5 Nd5 21. Bg3 Nce3 22. Rfe1 Nf5 23. Ned7 Rbc8 24. Be5 b6 25. Bxg7 Nxg7
26. Re5 bxc5 27. Rxd5 Kf7 28. Ne5+ Ke6 29. Rxd8 Rxd8 30. d4 cxd4 31. cxd4
Rxd4 32. Re1 Kd5 33. Nf3 Rb4 34. b3 Nf5 35. Re3 Nd4 36. Re5+ Kd6 37. Nxd4
Rxd4 38. Re2 {Black forfeits on time} 1-0

[Event "ICC Open 2015"]
[Site "Internet Chess Club"]
[Date "2015.05.30"]
[Round "3"]
[White "BigSerge"]
[Black "Iandmyself"]
[Result "1/2-1/2"]
[ICCResult "Black ran out of time and White has no material to mate"]
[WhiteElo "1961"]
[BlackElo "2503"]
[Opening "Sicilian: Smith-Morra gambit"]
[ECO "B21"]
[NIC "SI.47"]
[Time "14:27:46"]
[TimeControl "180+0"]

1. e4 c5 2. d4 cxd4 3. c3 Nf6 4. e5 Nd5 5. cxd4 d6 6. Nf3 Nc6 7. exd6 e6 8.
Nc3 Nxc3 9. bxc3 Bxd6 10. Bd3 O-O 11. Qc2 g6 12. O-O b6 13. Bh6 Re8 14. Rfd1
Bb7 15. h3 Rc8 16. Rac1 Nb4 17. Qd2 Nxd3 18. Qxd3 Qc7 19. Qe3 Bxf3 20. Qxf3
Qc4 21. Rd3 Bf8 22. Bf4 Qxa2 23. Be5 Bg7 24. Bxg7 Kxg7 25. Qf4 Qd5 26. Rf3
Qd7 27. h4 h5 28. Qf6+ Kg8 29. Qg5 Qe7 30. Qf4 Red8 31. c4 Rd7 32. Re3 Qd6
33. Qh6 Qxd4 34. Rg3 Qf6 35. Qxh5 Rcd8 36. Qg4 Rd4 37. Qe2 Rxh4 38. Re1 Kg7
39. Qe3 Rdh8 40. f3 Qb2 41. Re2 Rh1+ 42. Kf2 Qa1 43. Qe5+ Qxe5 44. Rxe5 Rc1
45. Re2 Rd8 46. Rg5 Rxc4 47. Rg4 Rxg4 48. fxg4 Rd5 49. Kf3 Rc5 50. Rb2 Rc7
51. Ra2 Rb7 52. Ra6 b5 53. Ke2 b4 54. Kd2 b3 55. Kc1 b2+ 56. Kb1 Kf6 57. Ra3
Kg5 58. Ra6 Kxg4 59. Ra3 e5 60. Rc3 f5 61. Rc4+ e4 62. Rc6 Rd7 63. Rxg6+ Kf4
64. Ra6 Rd2 65. Ra3 Rxg2 66. Rb3 Rf2 67. Rxb2 Rxb2+ 68. Kxb2 Kf3 69. Kc2 e3
70. Kc3 e2 71. Kd4 e1=Q 72. Kc5 Qe4 73. Kd6 Ke3 74. Kc7 f4 75. Kb8
{Black ran out of time and White has no material to mate}
1/2-1/2

[Event "ICC Open 2015"]
[Site "Internet Chess Club"]
[Date "2015.05.30"]
[Round "3"]
[White "grancaruso"]
[Black "Schurick"]
[Result "0-1"]
[ICCResult "White forfeits on time"]
[WhiteElo "1880"]
[BlackElo "2384"]
[Opening "Sicilian: accelerated fianchetto, Maróczy bind, 6.Be3"]
[ECO "B38"]
[NIC "QP.11"]
[Time "14:28:05"]
[TimeControl "180+0"]

1. Nf3 g6 2. d4 Bg7 3. c4 c5 4. e4 cxd4 5. Nxd4 Nc6 6. Be3 Nf6 7. Nc3 O-O 8.
Be2 d6 9. O-O Nxd4 10. Bxd4 Bd7 11. Qd2 Bc6 12. f3 Nd7 13. Be3 Qa5 14. Rfc1
Rfc8 15. Rab1 Qd8 16. b4 b6 17. a3 Bb7 18. Nd5 Ne5 19. Bg5 Bf8 20. f4 Nc6
21. b5 Na5 22. Bg4 Rxc4 23. Rxc4 Nxc4 24. Qd4 Bxd5 25. exd5 Na5 26. f5 Bg7
27. Qe4 Be5 28. Rf1 f6 29. Bd2 g5 30. Rf3 Qc7 31. Rh3 Qc4 32. Qe1 Qxg4 33.
Bxa5 bxa5 34. Qxa5 Rc8 {White forfeits on time} 0-1

[Event "ICC Open 2015"]
[Site "Internet Chess Club"]
[Date "2015.05.30"]
[Round "3"]
[White "nihil95"]
[Black "PJJVenegas"]
[Result "0-1"]
[ICCResult "White checkmated"]
[WhiteElo "1792"]
[BlackElo "2325"]
[Opening "Sicilian"]
[ECO "B53"]
[NIC "SI.01"]
[Time "14:27:56"]
[TimeControl "180+0"]

1. e4 c5 2. Nf3 d6 3. d4 cxd4 4. Bc4 Nf6 5. Qe2 e6 6. O-O Nc6 7. c3 d3 8.
Bxd3 Be7 9. Bf4 Qb6 10. b3 a5 11. Nbd2 a4 12. Nc4 Qd8 13. Rfd1 O-O 14. b4 e5
15. Be3 Be6 16. Nb6 Rb8 17. b5 Na5 18. c4 Ng4 19. Bd2 Qxb6 20. Qe1 Ra8 21.
h3 Nf6 22. Ng5 Rfc8 23. Rac1 h6 24. Nxe6 fxe6 25. Qe2 Qd8 26. Qe1 b6 27. Qe3
Nb7 28. f4 Nc5 29. Bb1 Qf8 30. f5 Nh7 31. Rf1 Bg5 32. Qe2 Bxd2 33. Qxd2 Qe7
34. g4 Rf8 35. Qg2 Rad8 36. Rcd1 Kh8 37. Bc2 Nf6 38. h4 d5 39. exd5 exd5 40.
g5 Nfe4 41. Bxe4 dxe4 42. Rxd8 Rxd8 43. gxh6 gxh6 44. f6 Qf7 45. Kh1 Rg8 46.
Qh2 Nd3 47. Rg1 Rxg1+ 48. Qxg1 Qxf6 49. Qxb6 Qxb6 50. Kg2 Qf2+ 51. Kh3 Nf4+
52. Kg4 Qf3+ 53. Kf5 Nd3+ 54. Ke6 e3 55. Kd6 e2 56. Kc7 Qe4 57. Kb6 Qxc4 58.
Ka5 Qxa2 59. b6 Qb3 60. h5 Qb4+ 61. Ka6 Nc5+ 62. Ka7 a3 63. Ka8 Nd7 64. b7
Qa5# {White checkmated} 0-1

[Event "ICC Open 2015"]
[Site "Internet Chess Club"]
[Date "2015.05.30"]
[Round "3"]
[White "muhit"]
[Black "lemanofzorn"]
[Result "1-0"]
[ICCResult "Black forfeits on time"]
[WhiteElo "2027"]
[BlackElo "1445"]
[Opening "QGD Slav defense"]
[ECO "D13"]
[NIC "SL.01"]
[Time "14:27:48"]
[TimeControl "180+0"]

1. d4 d5 2. c4 c6 3. Nc3 Nf6 4. cxd5 cxd5 5. Nf3 Bg4 6. Ne5 Bh5 7. Qb3 Qc8
8. Bg5 e6 9. e3 Nc6 10. Nxc6 bxc6 11. Bd3 Rb8 12. Qc2 Bb4 13. O-O Bxc3 14.
Qxc3 Bg6 15. Bxg6 hxg6 16. Bxf6 gxf6 17. Rfc1 Qc7 18. g3 Rb6 19. Qc5 Kd7 20.
b3 Rhb8 21. Rc3 Rb5 22. Qa3 Qb6 23. Rac1 Rc8 24. Rc5 Rb4 25. R1c3 Rc7 26.
Qc1 Rb5 27. Rxb5 cxb5 28. Rc5 Rxc5 29. dxc5 Qa5 30. a3 b4 31. a4 Kc6 32. Qb2
f5 33. Qf6 Qxc5 34. Qxf7 Qc1+ 35. Kg2 Qc2 36. Qxe6+ Kb7 37. Qxd5+ Kb6 38. h4
{Black forfeits on time}
1-0

[Event "ICC Open 2015"]
[Site "Internet Chess Club"]
[Date "2015.05.30"]
[Round "3"]
[White "Lightlike"]
[Black "Red-white"]
[Result "1/2-1/2"]
[ICCResult "Game drawn because neither player has mating material"]
[WhiteElo "2661"]
[BlackElo "3120"]
[Opening "Scotch game"]
[ECO "C45"]
[NIC "SO.05"]
[Time "14:28:05"]
[TimeControl "180+0"]

1. e4 e5 2. Nf3 Nc6 3. d4 exd4 4. Nxd4 Bc5 5. Nxc6 Qf6 6. Qf3 bxc6 7. Nc3 d6
8. Qg3 Qg6 9. Bd2 Nf6 10. Bd3 Qxg3 11. hxg3 Ng4 12. Rf1 a5 13. Ke2 a4 14. f3
Ne5 15. a3 h5 16. Rh1 Be6 17. g4 h4 18. Bg5 Ng6 19. e5 Nxe5 20. Rxh4 Rxh4
21. Bxh4 Bd4 22. Rh1 Kd7 23. Be1 Nc4 24. Rh7 Nxb2 25. Ne4 g6 26. Ng5 Rh8 27.
Bxg6 Bc4+ 28. Bd3 Rxh7 29. Nxh7 Nxd3 30. cxd3 Bd5 31. g5 Ke6 32. Nf8+ Ke7
33. Nh7 Bc5 34. Bc3 Bxa3 35. Bf6+ Ke8 36. g4 c5 37. f4 Bb4 38. Ba1 Bb3 39.
f5 a3 40. g6 fxg6 41. fxg6 c4 42. dxc4 Bxc4+ 43. Ke3 c5 44. Nf6+ Kf8 45. Kf4
d5 46. Nd7+ Ke7 47. g7 d4 48. Ne5 Bb3 49. Nc6+ Kf7 50. Nxb4 cxb4 51. Bxd4
Be6 52. Bc5 b3 53. Bxa3 Kxg7 54. Bb2+ Kg6 55. Ke5 Bxg4 56. Kf4 Bf5 57. Ke3
Bg4 58. Kd4 Bf5 59. Kc3 Bg4 60. Kxb3
{Game drawn because neither player has mating material}
1/2-1/2

[Event "ICC Open 2015"]
[Site "Internet Chess Club"]
[Date "2015.05.30"]
[Round "3"]
[White "Jospa"]
[Black "born2die"]
[Result "1-0"]
[ICCResult "Black forfeits on time"]
[WhiteElo "1227"]
[BlackElo "1631"]
[Opening "Scandinavian (center counter) defense"]
[ECO "B01"]
[NIC "VO.17"]
[Time "14:28:40"]
[TimeControl "180+0"]

1. e4 d5 2. exd5 Qxd5 3. d4 c6 4. Nc3 Qa5 5. Bd2 Nf6 6. Nf3 Bg4 7. Be2 Nbd7
8. Ne5 h5 9. Nxd7 Nxd7 10. Bxg4 hxg4 11. Ne4 Qf5 12. Ng3 Qg6 13. Be3 e6 14.
Qd2 a5 15. a4 Bb4 16. c3 Bd6 17. O-O-O Nb6 18. b3 Nd5 19. Kb2 b5 20. axb5
cxb5 21. Qd3 Qxd3 22. Rxd3 a4 23. Ne4 Be7 24. Nc5 Bxc5 25. dxc5 a3+ 26. Ka2
b4 27. Bd4 f6 28. c6 Rc8 29. cxb4 Nxb4+ 30. Kxa3 Nxd3 31. Rd1
{Black forfeits on time}
1-0

[Event "ICC Open 2015"]
[Site "Internet Chess Club"]
[Date "2015.05.30"]
[Round "3"]
[White "fearlessone"]
[Black "sebaslojano"]
[Result "1-0"]
[ICCResult "Black forfeits on time"]
[WhiteElo "1674"]
[BlackElo "1167"]
[Opening "Van't Kruijs opening"]
[ECO "A00"]
[Time "14:29:48"]
[TimeControl "180+0"]

1. e3 e6 2. Ne2 d5 3. d3 c5 4. Nd2 Nf6 5. g3 Be7 6. Bg2 O-O 7. O-O Nc6 8. b3
Bd7 9. Bb2 Re8 10. a3 Rc8 11. c4 dxc4 12. dxc4 e5 13. Qc2 Bg4 14. Nc3 Bh5
15. Nd5 Bg6 16. e4 Nxd5 17. cxd5 Nb8 18. Qc3 Bd6 19. Nc4 b5 20. Nxd6 Qxd6
21. Rac1 Nd7 22. f4 f6 23. h3 exf4 24. Rxf4 Ne5 25. Rcf1 c4 26. b4 Rc7 27.
Qd4 Qb6 28. Qxb6 axb6 29. Bd4 Rb8 30. h4 h6 31. Bh3 c3 32. d6 Rc4 33. Bxe5
fxe5 34. R4f2 Rc6 35. Bf5 Bxf5 36. exf5 Rxd6 37. Rc2 Rc8 38. Rfc1 Rdc6 39.
Kg2 Kf7 40. Kf3 Kf6 41. Ke4 g6 42. fxg6 Kxg6 43. Kf3 {Black forfeits on
time} 1-0

[Event "ICC Open 2015"]
[Site "Internet Chess Club"]
[Date "2015.05.30"]
[Round "3"]
[White "Aladdin"]
[Black "SPARNALIQ"]
[Result "0-1"]
[ICCResult "White checkmated"]
[WhiteElo "2390"]
[BlackElo "2803"]
[Opening "Ruy Lopez: Berlin defense"]
[ECO "C65"]
[NIC "RL.07"]
[Time "14:28:51"]
[TimeControl "180+0"]

1. e4 e5 2. Nf3 Nc6 3. Bb5 Nf6 4. d3 d6 5. O-O g6 6. c3 Bg7 7. Nbd2 O-O 8.
Re1 a6 9. Ba4 b5 10. Bc2 Re8 11. Nf1 h6 12. a4 Bb7 13. Ne3 Qc8 14. Qe2 Ng4
15. h3 Nxe3 16. Bxe3 Qd7 17. b4 d5 18. Bc5 Rad8 19. axb5 axb5 20. exd5 Qxd5
21. d4 exd4 22. Qxb5 Rxe1+ 23. Rxe1 Ne5 24. Be4 Bc6 25. Qa6 Qxe4 26. Rxe4
Bxe4 27. Nxe5 dxc3 28. Nc6 c2 29. Be3 Rd1+ 30. Kh2 Bf8 31. f4 Bd6 32. Qc8+
Kg7 33. Ne5 c1=Q 34. Bxc1 Rxc1 35. Qd7 Bd5 36. b5 Be6 37. Qd8 Rf1 38. b6
Rxf4 39. bxc7 Bxe5 40. c8=Q Bxc8 41. Qxc8 Rc4+ 42. g3 Rxc8 43. Kg2 Rc2+ 44.
Kf3 Rc3+ 45. Ke4 Bxg3 46. h4 Be5 47. h5 gxh5 48. Kxe5 h4 49. Kf4 Rc6 50. Kg4
Rf6 51. Kh3 Kg6 52. Kg4 Rf5 53. Kh3 Rg5 54. Kh2 f5 55. Kh3 f4 56. Kh2 f3 57.
Kh3 f2 58. Kh2 h3 59. Kxh3 f1=Q+ 60. Kh4 Qh1# {White checkmated} 0-1